 Dungeon Crawl Stone Soup version 0.31-a0-1237-gabc64e778c (webtiles) character file.

Game seed: 12578700607452482029

721 pokeman the Thaumaturge (level 7, -3/40 HPs)
             Began as a Deep Elf Hedge Wizard on Dec 16, 2023.
             Slain by Grinder (6 damage)
             ... while paralysed by Grinder
             ... on level 5 of the Dungeon.
             The game lasted 00:08:35 (5092 turns).

pokeman the Thaumaturge (Deep Elf Hedge Wizard)     Turns: 5092, Time: 00:08:36

Health: -3/40      AC:  4    Str:  7    XL:     7   Next: 43%
Magic:  6/20       EV:  2    Int: 21    God:
Gold:   284        SH:  0    Dex: 14    Spells: 14/22 levels left

rFire   . . .        q - +3 quarterstaff (chaos)
rCold   . . .        (shield currently unavailable)
rNeg    . . .        b - +0 robe
rPois   .            A - +0 helmet
rElec   .            p - +0 cloak
rCorr   +            (no gloves)
SInv    .            (no boots)
Will    .....        (no amulet)
Stlth   ++           B - +5 ring of evasion
HPRegen 0.26/turn    a - ring of resist corrosion
MPRegen 0.17/turn

%: no passive effects
@: paralysed
A: no striking features
a: no special abilities


You were on level 5 of the Dungeon.
You visited 1 branch of the dungeon, and saw 5 of its levels.
You also visited: Sewer.

You collected 284 gold pieces.

Inventory:

Hand Weapons
 q - a +3 quarterstaff of chaos (weapon)
Armour
 b - a +0 robe (worn)
 p - a +0 cloak (worn)
 A - a +0 helmet (worn)
Magical Staves
 r - a staff of poison
Jewellery
 a - a ring of resist corrosion (right hand)
 c - a ring of ice
 g - a ring of fire
 n - a ring of flight
 B - a +5 ring of evasion (left hand)
Wands
 y - a wand of digging (2)
Scrolls
 e - 3 scrolls of noise {unknown}
 f - 3 scrolls of immolation {unknown}
 i - 9 scrolls of identify {unknown}
 j - a scroll of butterflies {unknown}
 k - a scroll of vulnerability {unknown}
 l - a scroll of poison {unknown}
 o - 2 scrolls of amnesia {unknown}
 s - a scroll of fear {unknown}
 t - 4 scrolls of teleportation {unknown}
 u - a scroll of fog {unknown}
 v - a scroll of blinking {unknown}
 x - a scroll of enchant weapon {unknown}
Potions
 d - a potion of magic
 h - 3 potions of haste
 m - a potion of heal wounds {unknown}
 w - 2 potions of curing {unknown}
 z - a potion of brilliance {unknown}


   Skills:
 - Level 2.1 Fighting
 + Level 1.7 Armour
 - Level 3.0 Dodging
 - Level 3.0 Stealth
 * Level 8.2 Spellcasting
 + Level 4.2 Conjurations
 - Level 1.1 Summonings
 - Level 1.1 Translocations
 - Level 1.0 Air Magic
 - Level 1.0 Poison Magic
 - Level 1.0 Evocations


You had 14 spell levels left.
You knew the following spells:

 Your Spells              Type           Power      Damage    Failure   Level
a - Magic Dart            Conj           100%       1d8       1%          1
b - Mephitic Cloud        Conj/Pois/Air  17%        N/A       10%         3
c - Call Imp              Summ           26%        N/A       8%          2
d - Blink                 Tloc           26%        N/A       8%          2

Your spell library contained the following spells:

 Spells                   Type           Power      Damage    Failure   Level
 Slow                     Hex            32%        N/A       8%          1
 Cigotuvi's Dreadful Rot  Necr/Pois/Air  22%        N/A       9%          2


Dungeon Overview and Level Annotations

Branches:
Dungeon (5/15)              Sewer (visited)
 Temple: D:4-7

Altars:
Cheibriados
Nemelex Xobeh
Qazlal

Shops:
D:2 =

Annotations:
D:5 Grinder


Message History

Casting: Magic Dart (safe; 1% risk of failure)
Confirm with . or Enter, or press ? or * to list all spells.
Aiming: Magic Dart (safe; 1% risk of failure)
Press: ? - help, Shift-Dir - straight line, f/p - Grinder
Aim: Grinder (severely wounded, unusually resistant, 100% to hit)
The magic dart hits Grinder.
Grinder is almost dead.
Grinder blinks!
Unknown command.
Casting: Magic Dart (safe; 1% risk of failure)
Confirm with . or Enter, or press ? or * to list all spells.
Aiming: Magic Dart (safe; 1% risk of failure)
Press: ? - help, Shift-Dir - straight line, f/p - Grinder
Aim: Grinder (almost dead, unusually resistant, 100% to hit)
The magic dart hits Grinder.
Grinder is almost dead.
Unknown command.
Casting: Magic Dart (safe; 1% risk of failure)
Confirm with . or Enter, or press ? or * to list all spells.
Aiming: Magic Dart (safe; 1% risk of failure)
Press: ? - help, Shift-Dir - straight line, f/p - Grinder
Aim: Grinder (almost dead, unusually resistant, 100% to hit)
The magic dart hits Grinder.
Grinder is almost dead.
Unknown command.
Casting: Magic Dart (safe; 1% risk of failure)
Confirm with . or Enter, or press ? or * to list all spells.
Aiming: Magic Dart (safe; 1% risk of failure)
Press: ? - help, Shift-Dir - straight line, f/p - Grinder
Aim: Grinder (almost dead, unusually resistant, 100% to hit)
The magic dart hits Grinder but does no damage.
Grinder is almost dead.
Grinder says, "Wait up."
Grinder gestures at you.
You suddenly lose the ability to move!
Grinder hits you.
* * * LOW HITPOINT WARNING * * *
You writhe in agony.
You die...
Grinder sighs, "Dead already?
I want a refund."

##....#....♣...
##.♣...♣.....♣...♣..
#.......#.#.......# #
##.#.#.......#.#.. ..
#..^..♣...♣.....♣...♣
##.♣....#....♣....#..
#.....♣...♣.....♣...♣
####.#.#.......#.#......
#........§#.#..5@...#
#.#.♣...♣.....♣...♣.....
# #...#....♣....#....♣..
.###...♣?....♣...♣....
..........#.#.......#.#
######............... ..
###.......###.... #
######### #####


You could see Grinder (resistant).

Vanquished Creatures
  Pargi (Sewer)
  An ogre (D:4)
  A brain worm (Sewer)
  A howler monkey (D:3)
  A hound (D:4)
  A jelly (D:4)
  Crazy Yiuf (D:2)
  3 iguanas (D:5)
  Natasha (thrice) (D:3)
  4 gnolls (D:4)
  9 adders
  2 river rats (D:3)
  A worm (D:3)
  3 dart slugs
  7 orcs
  6 ball pythons
  8 endoplasms
  2 giant cockroaches
  5 goblins
  6 hobgoblins
  4 kobolds
  3 quokkas
  9 bats
  2 frilled lizards
  10 rats
94 creatures vanquished.

Notes
Turn   | Place    | Note
-------+----------+-------------------------------------------
     0 | D:1      | pokeman the Deep Elf Hedge Wizard began the quest for the
                  | Orb.
     0 | D:1      | Reached XP level 1. HP: 10/10 MP: 7/7
   605 | D:1      | Reached XP level 2. HP: 16/16 MP: 6/9
  1400 | D:2      | Found Nizxaux's Jewellery Boutique.
  1549 | D:2      | Reached skill level 5 in Spellcasting
  1923 | D:2      | Found a runed translucent door.
  1924 | D:2      | Noticed Crazy Yiuf
  2142 | D:2      | Reached XP level 3. HP: 20/20 MP: 9/11
  2146 | D:2      | Learned a level 3 spell: Mephitic Cloud
  2149 | D:2      | Learned a level 2 spell: Call Imp
  2152 | D:2      | Learned a level 2 spell: Blink
  2382 | D:2      | Killed Crazy Yiuf
  2383 | D:2      | Reached skill level 1 in Fighting
  2383 | D:2      | Reached skill level 1 in Armour
  2515 | D:3      | Reached XP level 4. HP: 25/25 MP: 11/13
  2519 | D:3      | Noticed Natasha
  2537 | D:3      | Killed Natasha
  2538 | D:3      | Reached skill level 6 in Spellcasting
  2538 | D:3      | Reached XP level 5. HP: 29/29 MP: 8/15
  2697 | D:3      | Found a glowing drain.
  2749 | Sewer    | Entered a sewer
  2988 | Sewer    | Noticed Pargi
  3008 | Sewer    | Killed Pargi
  3009 | Sewer    | Reached XP level 6. HP: 24/34 MP: 14/17
  3416 | D:3      | Noticed Natasha
  3426 | D:3      | Killed Natasha
  3427 | D:3      | Reached skill level 7 in Spellcasting
  3547 | D:3      | Noticed Natasha
  3550 | D:3      | Killed Natasha
  3551 | D:3      | Reached skill level 1 in Air Magic
  3551 | D:3      | Reached skill level 1 in Poison Magic
  3551 | D:3      | Reached skill level 1 in Evocations
  3726 | D:4      | Found a stormy altar of Qazlal.
  3726 | D:4      | Found a snail-covered altar of Cheibriados.
  4320 | D:4      | Reached XP level 7. HP: 39/39 MP: 15/20
  4416 | D:4      | Found a sparkling altar of Nemelex Xobeh.
  4640 | D:5      | Entered Level 5 of the Dungeon
  4652 | D:5      | Reached skill level 8 in Spellcasting
  5056 | D:5      | Noticed Grinder
  5061 | D:5      | Paralysed by Grinder for 4 turns
  5078 | D:5      | Paralysed by Grinder for 2 turns
  5091 | D:5      | Paralysed by Grinder for 3 turns
  5092 | D:5      | Slain by Grinder

Illustrated notes

Levels and vault maps discovered:
D:1:      nicolae_arrival_somewhat_less_tricky_arrival, layout_loops_ring,
          serial_glass, glass_columns_a, glass_columns_a, glass_columns_a,
          glass_columns_b, glass_columns_b, glass_columns_a
D:2:      layout_loops_corners, serial_shops, shop, minivault_5,
          uniq_crazy_yiuf_cottage
D:3:      layout_loops_ring, cheibrodos_sewer_entry_sluice, uniq_natasha
D:4:      layout_cave_pools, nemelex_dance_club_becter,
          gammafunk_temple_overflow_elements
D:5:      layout_basic, kennysheep_mini, serial_glass, glass_columns_b,
          glass_columns_a, glass_columns_a, glass_columns_a,
          chequers_serial_rivers_room_b, nicolae_kite_square_tiling_tiny,
          uniq_grinder

Skill      XL: |  1  2  3  4  5  6  7 |
---------------+----------------------+-----
Spellcasting   | 5 6 7 8 |  8.2
Fighting       | 1 2 |  2.1
Armour         | 1 |  1.7
Conjurations   | 2 3 4 |  4.2
Dodging        | 3 |  3.0
Stealth        | 3 |  3.0
Air Magic      | 1 |  1.0
Poison Magic   | 1 |  1.0
Evocations     | 1 |  1.0
Summonings     | |  1.1
Translocations | |  1.1

Action                     |  1- 3 |  4- 6 |  7- 9 || total
---------------------------+-------+-------+-------++-------
  Melee: Dagger            |    10 |       |       ||    10
         Quarterstaff      |     3 |    58 |    16 ||    77
   Cast: Magic Dart        |    70 |    87 |    53 ||   210
         Mephitic Cloud    |     1 |     8 |     2 ||    11
         Call Imp          |     1 |       |     1 ||     2
         Blink             |       |       |     1 ||     1
   Stab: Sleeping          |     2 |       |       ||     2
         Confused          |       |     4 |       ||     4
 Armour: Robe              |    12 |    30 |    13 ||    55
  Dodge: Dodged            |    17 |    43 |    22 ||    82

Table legend: (Time is in decaauts)
 A = Elapsed time spent in this place.
 B = Non-inter-level travel time spent in this place.
 C = Inter-level travel time spent in this place.
 D = Time resting spent in this place.
 E = Time spent auto-exploring this place.
 F = Levels seen in this place.
 G = Mean time per level.
                   A        B        C        D        E       F      G
               +--------+--------+--------+--------+--------+-----+--------+
         Total |   5111 |   4945 |    166 |    114 |   4034 |   6 |  851.8 |
       Dungeon |   4765 |   4599 |    166 |     10 |   3851 |   5 |  953.0 |
         Sewer |    345 |    345 |      0 |    104 |    183 |   1 |  345.0 |
               +--------+--------+--------+--------+--------+-----+--------+

Top non-repeatable levels by time:
     D:2: 1486 daAuts
     D:4: 1032 daAuts
     D:1: 1021 daAuts
     D:3: 768 daAuts
     D:5: 456 daAuts
   Sewer: 345 daAuts
